[Event "fics rated crazyhouse match"]
[Site "fics, Oklahoma City, OK USA"]
[Date "2000.02.05"]
[White "Tecumseh"]
[WhiteElo "2257"]
[Black "XXNoWay"]
[BlackElo "2220"]
[TimeControl "180+0"]
[Result "1-0"]

1. e4 Nf6 2. e5 Nd5 3. d4 d6 4. Nf3 Nc6 5. Nc3 e6 6. Be2 
Be7 7. O-O O-O 8. Ne4 f5 9. exf6 Nxf6 10. Nxf6+ Bxf6 11. P@g5 Bxd4 
12. Nxd4 Nxd4 13. Qxd4 P@e5 14. Qd1 N@d4 15. N@h5 P@f3 16. gxf3 N@h3+ 17. Kh1 
Nxg5 18. Rg1 P@f4 19. P@h4 Nxe2 20. Qxe2 B@g6 21. Rxg5 Bxh5 22. N@h6+ Kh8 
23. Rxh5 gxh6 24. B@h3 N@f5 25. B@e4 N@d4 26. Qf1 Rg8 27. N@g4 d5 28. N@f7+ 
Kg7 29. Nxd8 
{XXNoWay resigns} 1-0

[Event "fics rated crazyhouse match"]
[Site "fics, Oklahoma City, OK USA"]
[Date "2000.02.05"]
[White "XXNoWay"]
[WhiteElo "2213"]
[Black "Tecumseh"]
[BlackElo "2264"]
[TimeControl "180+0"]
[Result "1-0"]

1. f4 d5 2. Nf3 Nc6 3. e3 Bg4 4. Be2 Nf6 5. O-O e6 6. Nc3 
Be7 7. Ne5 Bxe2 8. Qxe2 d4 9. Nxf7 Kxf7 10. f5 B@c8 11. fxe6+ Bxe6 
12. P@d5 Bxd5 13. Nxd5 Qxd5 14. B@c4 Qxc4 15. Qxc4+ P@e6 16. P@f5 B@d5 17. fxe6+ 
Bxe6 18. P@d5 N@e2+ 19. Kh1 N@g3+ 20. hxg3 Nxg3+ 21. Kg1 Ne2+ 22. Qxe2 Bxd5 
23. e4 P@g3 24. N@g5+ Ke8 25. exd5 P@f2+ 26. Kh1 P@d7 27. dxc6 bxc6 28. Q@f7+ 
Kd8 29. Qfxe7+ Kc8 30. B@a6+ P@b7 31. Bxb7+ Kxb7 32. N@c5+ Kb8 33. N@a6+ Kc8 
34. P@b7# 
{Tecumseh checkmated} 1-0

[Event "fics rated crazyhouse match"]
[Site "fics, Oklahoma City, OK USA"]
[Date "2000.02.05"]
[White "Tecumseh"]
[WhiteElo "2255"]
[Black "XXNoWay"]
[BlackElo "2222"]
[TimeControl "180+0"]
[Result "1-0"]

1. f4 e5 2. fxe5 d6 3. Nf3 dxe5 4. P@f2 e4 5. Ne5 Qd5 6. d4 
exd3 7. Nxd3 P@e4 8. Nc3 Bb4 9. Bd2 exd3 10. Nxd5 dxc2 11. Qxc2 Bd6 
12. Nxc7# 
{XXNoWay resigns} 1-0

[Event "fics rated crazyhouse match"]
[Site "fics, Oklahoma City, OK USA"]
[Date "2000.02.05"]
[White "XXNoWay"]
[WhiteElo "2215"]
[Black "Tecumseh"]
[BlackElo "2262"]
[TimeControl "180+0"]
[Result "1-0"]

1. f4 e5 2. fxe5 d6 3. e4 dxe5 4. Nf3 Nf6 5. Bc4 Bc5 6. d4 
Bxd4 7. Nxd4 P@f2+ 8. Kxf2 exd4 9. Rf1 P@h3 10. gxh3 Bxh3 11. P@g2 Bxg2 
12. Kxg2 N@h4+ 13. Kg1 P@g2 14. Rf2 P@e3 15. Rf4 Nxe4 16. Rxe4+ Kf8 17. Bxe3 
Nc6 18. B@g5 dxe3 19. Qxd8+ Rxd8 20. P@e7+ Nxe7 21. Bxe7+ Kg8 22. Bxf7+ Kxf7 
23. Q@e6+ Ke8 24. P@f7# 
{Tecumseh checkmated} 1-0

[Event "fics rated crazyhouse match"]
[Site "fics, Oklahoma City, OK USA"]
[Date "2000.02.05"]
[White "Tecumseh"]
[WhiteElo "2253"]
[Black "XXNoWay"]
[BlackElo "2224"]
[TimeControl "180+0"]
[Result "0-1"]

1. e4 d6 2. d4 Nf6 3. e5 dxe5 4. dxe5 Qxd1+ 5. Kxd1 Ng4 6. Q@e1 
Q@d4+ 7. P@d3 Nxf2+ 8. Ke2 Bg4+ 9. Nf3 Nxh1 10. Be3 Qxb2 11. Qc3 Bxf3+ 
12. gxf3 N@f4+ 13. Bxf4 Qxc3 14. B@a4+ P@c6 15. Nxc3 Q@f2+ 16. Kd1 R@e1# 
{Tecumseh checkmated} 0-1

[Event "fics rated crazyhouse match"]
[Site "fics, Oklahoma City, OK USA"]
[Date "2000.02.05"]
[White "XXNoWay"]
[WhiteElo "2233"]
[Black "Tecumseh"]
[BlackElo "2244"]
[TimeControl "180+0"]
[Result "0-1"]

1. d4 Nf6 2. Bg5 Ne4 3. Nf3 d5 4. Nc3 Bg4 5. Nxe4 dxe4 6. Ne5 
Bh5 7. N@f4 Bg6 8. Nfxg6 hxg6 9. Nxg6 fxg6 10. P@e6 N@d6 11. Bf4 Qc8 
12. Bxd6 Qxe6 13. Bxc7 e3 14. fxe3 Qxe3 15. P@f7+ Kd7 16. B@e8+ Ke6 17. d5+ 
Kf5 18. Qd3+ Qxd3 19. cxd3 P@d2+ 20. Kxd2 N@c4+ 21. dxc4 N@e4+ 22. Kc2 Q@d2+ 
23. Kb3 Nc5+ 24. Ka3 P@b4# 
{XXNoWay checkmated} 0-1

[Event "fics rated crazyhouse match"]
[Site "fics, Oklahoma City, OK USA"]
[Date "2000.02.05"]
[White "Tecumseh"]
[WhiteElo "2252"]
[Black "XXNoWay"]
[BlackElo "2225"]
[TimeControl "180+0"]
[Result "1-0"]

1. e4 d6 2. d4 Nf6 3. Nc3 Bg4 4. Be2 Bxe2 5. Qxe2 e5 6. Nf3 
Nc6 7. B@d5 Nxd4 8. Nxd4 exd4 9. Bxb7 dxc3 10. bxc3 Rb8 11. N@c6 Qd7 
12. e5 B@h5 13. f3 P@f2+ 14. Kf1 N@e4 15. P@g3 dxe5 16. Nxe5 N@d2+ 17. Bxd2 
Nxd2+ 18. Kxf2 Bc5+ 19. P@d4 Bxd4+ 20. cxd4 Qxd4+ 21. B@e3 Qxe5 22. Bc6+ P@d7 
23. Qxd2 N@g4+ 24. fxg4 Nxg4+ 25. Kg1 dxc6 26. P@d7+ Kd8 27. N@d4 B@b5 28. Nxb5 
Rxb5 29. N@d4 Qxd4 30. Bxd4 N@h3+ 31. gxh3 N@f3+ 32. Kg2 Ne3+ 33. Bxe3 Nxd2 
34. Q@c8+ Ke7 35. B@h4+ g5 36. d8=N Q@f3+ 37. Kg1 Qxe3+ 38. N@f2 Nf3+ 39. Kg2 
{XXNoWay forfeits on time} 1-0

[Event "fics rated crazyhouse match"]
[Site "fics, Oklahoma City, OK USA"]
[Date "2000.02.05"]
[White "XXNoWay"]
[WhiteElo "2218"]
[Black "Tecumseh"]
[BlackElo "2259"]
[TimeControl "180+0"]
[Result "0-1"]

1. f4 d6 2. e4 e5 3. f5 d5 4. Nf3 dxe4 5. Nxe5 Bxf5 6. Bc4 
P@d5 7. Bb5+ c6 8. Be2 Bd6 9. O-O Bg6 10. Nxg6 hxg6 11. P@g3 Rxh2 
12. Kxh2 Qh4+ 13. R@h3 Bxg3+ 14. Kh1 Qxh3+ 15. gxh3 R@h2+ 16. Kg1 P@f2+ 17. Rxf2 
Bxf2+ 18. Kxh2 P@g3+ 19. Kg2 N@h4# 
{XXNoWay resigns} 0-1

[Event "fics rated crazyhouse match"]
[Site "fics, Oklahoma City, OK USA"]
[Date "2000.02.05"]
[White "Tecumseh"]
[WhiteElo "2266"]
[Black "XXNoWay"]
[BlackElo "2211"]
[TimeControl "180+0"]
[Result "0-1"]

1. e4 e5 2. Nf3 Nc6 3. Bb5 d6 4. Nc3 Bg4 5. Nxe5 Bxd1 6. Nxc6 
bxc6 7. Bxc6+ N@d7 8. Nxd1 Be7 9. P@f5 Nf6 10. P@e6 O-O 11. exd7 Nxd7 
12. B@d5 Ne5 13. Bxa8 P@f3 14. N@d4 c5 15. Nxf3 Nxf3+ 16. gxf3 N@g2+ 17. Kf1 
Nf4 18. N@h6+ gxh6 19. Rg1+ N@g2 20. Rxg2+ Nxg2 21. R@g3+ R@g5 22. Rxg2 Rxg2 
23. Kxg2 R@e1 24. R@g1 Rxd1 25. Rxd1 N@f4+ 26. Kf1 Q@e2+ 27. Kg1 Qxd1+ 28. R@f1 
R@g2+ 29. Kh1 Qxf1+ 30. N@g1 Qxg1# 
{Tecumseh checkmated} 0-1

[Event "fics rated crazyhouse match"]
[Site "fics, Oklahoma City, OK USA"]
[Date "2000.02.05"]
[White "XXNoWay"]
[WhiteElo "2220"]
[Black "Tecumseh"]
[BlackElo "2257"]
[TimeControl "180+0"]
[Result "1-0"]

1. e4 Nf6 2. e5 Ne4 3. d3 Nxf2 4. Kxf2 d5 5. Be2 d4 6. Nf3 
Nc6 7. Rf1 Bg4 8. Bf4 P@e3+ 9. Kg1 e6 10. Ng5 Bxe2 11. Qxe2 B@g6 
12. B@g4 Be7 13. Nxe6 fxe6 14. Bxe6 N@c5 15. P@d7+ Nxd7 16. P@f7+ Bxf7 17. Bxf7+ 
Kxf7 18. Bg5+ P@f6 19. e6+ Kxe6 20. Qg4+ Kf7 21. B@e6+ Ke8 22. Bxe3 dxe3 
23. P@f7+ Kf8 24. Bxd7 P@f2+ 25. Kh1 B@d5 26. N@f4 P@f3 27. N@e6+ Kxf7 28. Nxd8+ 
Rhxd8 29. Qe6+ Bxe6 30. Bxe6# 
{Tecumseh resigns} 1-0

[Event "fics rated crazyhouse match"]
[Site "fics, Oklahoma City, OK USA"]
[Date "2000.02.05"]
[White "Tecumseh"]
[WhiteElo "2248"]
[Black "XXNoWay"]
[BlackElo "2229"]
[TimeControl "180+0"]
[Result "0-1"]

1. e4 d6 2. d4 Nf6 3. Nc3 Nc6 4. Nf3 Bg4 5. Be2 e6 6. d5 
Bxf3 7. Bxf3 Ne5 8. dxe6 fxe6 9. P@d5 Be7 10. dxe6 O-O 11. P@h6 gxh6 
12. Bxh6 P@g7 13. Bxg7 Kxg7 14. P@g5 Ng8 15. B@h6+ Nxh6 16. gxh6+ Kxh6 17. N@f5+ 
Rxf5 18. exf5 Bg5 19. R@h5+ Kg7 20. Ne4 P@d2+ 21. Nxd2 B@f4 22. Ne4 P@d2+ 
23. Kf1 N@c4 24. Qe2 N@d4 25. Nxg5 Bxg5 26. e7 Qxe7 27. Rxg5+ Qxg5 28. h4 
Nxe2 29. hxg5 R@e1+ 30. Rxe1 dxe1=Q+ 31. Kxe1 Q@d2+ 32. Kf1 R@e1# 
{Tecumseh checkmated} 0-1

[Event "fics rated crazyhouse match"]
[Site "fics, Oklahoma City, OK USA"]
[Date "2000.02.05"]
[White "XXNoWay"]
[WhiteElo "2237"]
[Black "Tecumseh"]
[BlackElo "2240"]
[TimeControl "180+0"]
[Result "1-0"]

1. e4 Nc6 2. Nc3 Nf6 3. Bb5 Nd4 4. Nf3 Nxb5 5. Nxb5 Nxe4 6. Ne5 
B@d5 7. Nc3 Nxc3 8. dxc3 e6 9. Nxf7 Qf6 10. Nxh8 Bxg2 11. P@f7+ Qxf7 
12. Nxf7 Be7 13. Q@g8+ N@f8 14. Ne5 Kd8 15. Qf7 c6 16. R@e8+ Kc7 17. Qxe7 
Bxh1 18. Qd8+ Kb8 19. Qxc8# 
{Tecumseh checkmated} 1-0

[Event "fics rated crazyhouse match"]
[Site "fics, Oklahoma City, OK USA"]
[Date "2001.02.05"]
[White "Blechkiste"]
[WhiteElo "2396"]
[Black "JKiller"]
[BlackElo "2409"]
[TimeControl "180+0"]
[Result "1-0"]

1. e4 b6 2. d4 Bb7 3. Nc3 e6 4. Nf3 Bb4 5. e5 Bxc3+ 6. bxc3 
N@e4 7. Bb2 f6 8. Nd2 Nxd2 9. Qxd2 N@e4 10. Qf4 Ne7 11. exf6 Nxf6 
12. P@h6 Ned5 13. hxg7 Rg8 14. Qh6 Qe7 15. P@c4 Qxg7 16. Qxg7 P@d2+ 17. Kxd2 
Rxg7 18. Q@h8+ Q@f8 19. Qxf8+ Kxf8 20. Q@h8+ Q@g8 21. Qxg8+ Kxg8 22. N@h6+ Kf8 
23. Q@h8+ Ng8 24. Ke1 Nf6 25. Nxg8 Rxg8 26. Qxf6+ N@f7 27. P@e7+ Ke8 28. N@d6+ 
Nxd6 29. N@g7# 
{JKiller resigns} 1-0

[Event "fics rated crazyhouse match"]
[Site "fics, Oklahoma City, OK USA"]
[Date "2001.02.05"]
[White "JKiller"]
[WhiteElo "2401"]
[Black "Blechkiste"]
[BlackElo "2404"]
[TimeControl "180+0"]
[Result "0-1"]

1. e4 Nf6 2. e5 Nd5 3. d4 d6 4. Nf3 Bf5 5. Bc4 Nb4 6. Bxf7+ 
Kxf7 7. P@e4 Bc8 8. a3 N4a6 9. Nc3 Ke8 10. Ng5 B@g4 11. Qxg4 Bxg4 
12. exd6 Qxd6 13. Be3 Qb6 14. P@f7+ Kd8 15. B@d1 Qxb2 16. Bxg4 Qxc3+ 17. Ke2 
Q@b5+ 18. Kf3 Qxg5 19. B@d2 N@f6 20. h3 N@h4+ 21. Kg3 P@f4+ 22. Kh2 P@g3+ 
23. fxg3 fxg3+ 24. Kxg3 Qcxe3+ 25. Bxe3 Qxe3+ 26. Bf3 Nxe4+ 27. Kxh4 Qg5# 
{JKiller checkmated} 0-1

[Event "fics rated crazyhouse match"]
[Site "fics, Oklahoma City, OK USA"]
[Date "2001.02.05"]
[White "Blechkiste"]
[WhiteElo "2412"]
[Black "JKiller"]
[BlackElo "2393"]
[TimeControl "180+0"]
[Result "1-0"]

1. e4 b6 2. d4 Bb7 3. Nc3 e6 4. Nf3 Nf6 5. e5 Nd5 6. Nxd5 
Bxd5 7. Bg5 Be7 8. Bxe7 Qxe7 9. N@b5 d6 10. B@h4 f6 11. exf6 gxf6 
12. Bxf6 Qxf6 13. Nxc7+ Kd7 14. P@e5 Qh6 15. Nxd5 exd5 16. P@b7 P@e3 17. B@f5+ 
B@e6 18. Bxe6+ Qxe6 19. bxa8=Q exf2+ 20. Ke2 N@f4+ 21. Kd2 B@e3+ 22. Kxe3 N@f5+ 
23. Kd2 P@c3+ 24. Kxc3 Rc8+ 25. Kb3 B@c4+ 26. Ka3 dxe5 27. Nxe5+ Qxe5 28. Qxa7# 
{JKiller forfeits on time} 1-0

[Event "fics rated crazyhouse match"]
[Site "fics, Oklahoma City, OK USA"]
[Date "2001.02.05"]
[White "JKiller"]
[WhiteElo "2385"]
[Black "Blechkiste"]
[BlackElo "2420"]
[TimeControl "180+0"]
[Result "1-0"]

1. e4 Nf6 2. e5 Nd5 3. d4 d6 4. Nf3 Bg4 5. Bc4 e6 6. Bxd5 
exd5 7. Nc3 dxe5 8. dxe5 P@c6 9. h3 Bxf3 10. Qxf3 N@c4 11. e6 fxe6 
12. B@f7+ Ke7 13. Bxe6 Kxe6 14. N@g5+ Qxg5 15. Bxg5 N@d4 16. Q@f7+ Kd6 17. Q3xd5+ 
cxd5 18. Qxd5# 
{Blechkiste checkmated} 1-0

[Event "fics rated crazyhouse match"]
[Site "fics, Oklahoma City, OK USA"]
[Date "2001.02.05"]
[White "Blechkiste"]
[WhiteElo "2411"]
[Black "JKiller"]
[BlackElo "2394"]
[TimeControl "180+0"]
[Result "1-0"]

1. e4 e6 2. d4 b6 3. Nc3 Bb7 4. Bd3 Nc6 5. Nf3 Nb4 6. a3 
Nxd3+ 7. Qxd3 Nf6 8. Bg5 Be7 9. e5 Nd5 10. Bxe7 Qxe7 11. Nxd5 Bxd5 
12. N@h5 B@e4 13. Nxg7+ Kd8 14. P@f6 Bxd3 15. fxe7+ Kc8 16. cxd3 N@c2+ 17. Kd2 
Nxa1 18. B@a6+ Kb8 19. Q@d8+ R@c8 20. Bxc8 B@f4+ 21. Ke2 Rxd8 22. N@a6+ Kxc8 
23. exd8=Q+ Kb7 24. B@c8+ Kc6 25. Qxd7# 
{JKiller checkmated} 1-0

[Event "fics rated crazyhouse match"]
[Site "fics, Oklahoma City, OK USA"]
[Date "2001.02.05"]
[White "JKiller"]
[WhiteElo "2386"]
[Black "Blechkiste"]
[BlackElo "2419"]
[TimeControl "180+0"]
[Result "1-0"]

1. e4 Nf6 2. e5 Nd5 3. d4 d6 4. Nf3 Bf5 5. Bc4 Nb4 6. Bxf7+ 
Kxf7 7. P@e4 Bg6 8. a3 N4c6 9. exd6 exd6 10. P@f5 Bxf5 11. exf5 Kg8 
12. B@d5+ P@f7 13. Qe2 Qf6 14. Bg5 Qxf5 15. Nc3 P@g4 16. Qe8 gxf3 17. Bxf7+ 
Qxf7 18. Qxf7+ Kxf7 19. P@e6+ Kxe6 20. d5+ Kf5 21. Q@e6+ Kxg5 22. Ne4+ Kh5 
23. Qf5+ Kh6 24. Qg5# 
{Blechkiste checkmated} 1-0

[Event "fics rated crazyhouse match"]
[Site "fics, Oklahoma City, OK USA"]
[Date "2001.02.05"]
[White "Blechkiste"]
[WhiteElo "2410"]
[Black "JKiller"]
[BlackElo "2395"]
[TimeControl "180+0"]
[Result "1-0"]

1. e4 e6 2. d4 b6 3. Nc3 Bb7 4. Bd3 Nc6 5. Nf3 Nb4 6. Bg5 
Be7 7. Bxe7 Qxe7 8. B@e5 B@h6 9. Bxc7 d6 10. Nb5 Nxd3+ 11. Qxd3 B@b4+ 
12. c3 a6 13. cxb4 axb5 14. Bxb6 Nf6 15. N@c7+ Kf8 16. Nxa8 N@f4 17. Qxb5 
Nxg2+ 18. Kf1 Nf4 19. R@b8+ Ne8 20. Rxe8# 
{JKiller resigns} 1-0

[Event "fics rated crazyhouse match"]
[Site "fics, Oklahoma City, OK USA"]
[Date "2001.02.05"]
[White "JKiller"]
[WhiteElo "2387"]
[Black "Blechkiste"]
[BlackElo "2418"]
[TimeControl "180+0"]
[Result "1-0"]

1. e4 Nf6 2. e5 Nd5 3. d4 d6 4. Nf3 Bf5 5. Bc4 Nb4 6. Bxf7+ 
Kxf7 7. P@e4 Bg6 8. a3 N4a6 9. exd6 exd6 10. P@f5 Bxf5 11. exf5 Qe7+ 
12. B@e6+ Ke8 13. Nc3 B@c4 14. d5 P@d7 15. Qd4 b5 16. Nxb5 Bxb5 17. P@b7 
P@e5 18. Qd1 dxe6 19. fxe6 B@a5+ 20. Bd2 Bxd2+ 21. Qxd2 B@f4 22. P@e3 Bxe3 
23. fxe3 P@c3 24. bxc3 Kd8 25. bxa8=Q N@f7 26. exf7 Bd7 27. B@e6 Qxe6 28. dxe6 
B@f6 29. R@e8+ Bxe8 30. fxe8=Q+ Kxe8 31. Q@d7# 
{Blechkiste checkmated} 1-0

[Event "fics rated crazyhouse match"]
[Site "fics, Oklahoma City, OK USA"]
[Date "2001.02.05"]
[White "Blechkiste"]
[WhiteElo "2409"]
[Black "JKiller"]
[BlackElo "2396"]
[TimeControl "180+0"]
[Result "0-1"]

1. e4 e6 2. d4 Nc6 3. Be3 Nf6 4. Bd3 d6 5. Nc3 Be7 6. h3 
O-O 7. Nf3 e5 8. dxe5 Nxe5 9. P@h6 gxh6 10. Nxe5 dxe5 11. Bxh6 P@g7 
12. Bg5 N@f4 13. Bxf4 exf4 14. e5 P@e3 15. fxe3 fxe3 16. exf6 B@d2+ 17. Kf1 
Bxf6 18. Na4 P@a3 19. Rb1 axb2 20. N@b3 Be6 21. Nxd2 exd2 22. B@f2 Bxa2 
23. Rxb2 Bxb2 24. Qxd2 R@b1+ 25. N@d1 P@c4 26. Nxb2 cxd3 27. Nxd3 P@c3 28. Qe1 
Re8 29. P@e3 P@d2 30. Qe2 N@d4 31. exd4 Rxe2 32. Kxe2 Bc4 33. N@f4 Bxd3+ 
34. Kxd3 B@f5+ 35. P@e4 N@c1+ 36. Ke3 Qg5 37. Nxc3 Re8 38. B@d5 Bxe4 39. P@d7 
Qxf4+ 40. Kxf4 N@g6+ 41. Kg4 Bf5+ 42. Kg5 Q@f4+ 43. Kh5 Qh6# 
{Blechkiste checkmated} 0-1

[Event "fics rated crazyhouse match"]
[Site "fics, Oklahoma City, OK USA"]
[Date "2001.02.05"]
[White "JKiller"]
[WhiteElo "2404"]
[Black "Blechkiste"]
[BlackElo "2401"]
[TimeControl "180+0"]
[Result "0-1"]

1. e4 e6 2. d4 d5 3. exd5 exd5 4. Bb5+ c6 5. Qe2+ Qe7 6. Bf4 
cxb5 7. Bxb8 Rxb8 8. N@d6+ Kd7 9. Qxe7+ Bxe7 10. Nxf7 Q@c1+ 11. Q@d1 Qxd1+ 
12. Kxd1 B@h5+ 13. Nf3 Bxf7 14. Ne5+ Ke8 15. P@c7 B@h5+ 16. P@f3 Ra8 17. Re1 
Q@b6 18. Nxf7 Qxd4+ 19. Nd2 Kxf7 20. B@c3 Qxf2 21. Q@e5 N@f6 22. Qg3 Qxg3 
23. hxg3 P@f2 24. Re2 Q@g1+ 25. Q@f1 N@h2 26. Rxf2 Nxf1 27. Rxf1 P@e2+ 28. Kxe2 
Q@e3# 
{JKiller resigns} 0-1

[Event "fics rated crazyhouse match"]
[Site "fics, Oklahoma City, OK USA"]
[Date "2001.02.05"]
[White "Blechkiste"]
[WhiteElo "2409"]
[Black "JKiller"]
[BlackElo "2396"]
[TimeControl "180+0"]
[Result "0-1"]

1. e4 e6 2. d4 b6 3. Nc3 Bb7 4. Bd3 Nc6 5. Nf3 a6 6. Bxa6 
Bxa6 7. P@b5 Bxb5 8. Nxb5 B@c4 9. Nc3 Nf6 10. Ne5 Nxe5 11. dxe5 N@h4 
12. N@e3 Bb4 13. exf6 P@e2 14. Qxe2 Bxe2 15. fxg7 Nxg2+ 16. Kxe2 Nf4+ 17. Kf3 
Rg8 18. Kxf4 Bxc3 19. bxc3 N@e5 20. P@g5 Q@f3+ 21. Kxe5 P@c5 22. N@d6+ cxd6+ 
23. Kxd6 Qf4+ 24. e5 N@b5# 
{Blechkiste checkmated} 0-1

[Event "fics rated crazyhouse match"]
[Site "fics, Oklahoma City, OK USA"]
[Date "2001.02.05"]
[White "JKiller"]
[WhiteElo "2404"]
[Black "Blechkiste"]
[BlackElo "2401"]
[TimeControl "180+0"]
[Result "1-0"]

1. e4 e6 2. d4 d5 3. e5 Nc6 4. Nh3 Nge7 5. Be2 Nf5 6. Be3 
Qh4 7. O-O Nfxd4 8. Bg5 Qe4 9. Bd3 P@e2 10. Bxe4 exd1=Q 11. Rxd1 h6 
12. Bh4 Bc5 13. P@f6 dxe4 14. fxg7 Rg8 15. P@h7 Rxg7 16. h8=Q+ B@f8 17. Qxg7 
Bxg7 18. R@g8+ Bgf8 19. Nc3 P@g7 20. Nxe4 Q@b4 21. c3 Qxb2 22. cxd4 Be7 
23. N@d6+ Bxd6 24. exd6 N@e2+ 25. Kh1 Nexd4 26. Rxf8+ Kxf8 27. Q@h8+ R@g8 28. P@e7+ 
Nxe7 29. dxe7+ Ke8 30. Qxg8+ Kd7 31. N@e5# 
{Blechkiste checkmated} 1-0

[Event "fics rated crazyhouse match"]
[Site "fics, Oklahoma City, OK USA"]
[Date "2001.02.05"]
[White "liveZ"]
[WhiteElo "2339"]
[Black "Blechkiste"]
[BlackElo "2383"]
[TimeControl "180+0"]
[Result "1-0"]

1. e4 Nf6 2. e5 Nd5 3. d4 d6 4. Nf3 Bf5 5. Be2 Nc6 6. O-O 
Ndb4 7. Na3 dxe5 8. dxe5 P@d3 9. cxd3 Nxd3 10. e6 fxe6 11. P@f7+ Kxf7 
12. Bxd3 Ke8 13. P@f7+ Kxf7 14. N@e5+ Kg8 15. Bxf5 Nxe5 16. Nxe5 P@f7 17. Bxe6 
N@d6 18. Bxf7+ Nxf7 19. B@e6 B@g6 20. Nxg6 Qe8 21. P@d7 hxg6 22. dxe8=Q N@h3+ 
23. gxh3 Rxe8 24. Bxf7+ Kxf7 25. N@g5+ Kg8 26. P@f7# 
{Blechkiste checkmated} 1-0

[Event "fics rated crazyhouse match"]
[Site "fics, Oklahoma City, OK USA"]
[Date "2001.02.05"]
[White "Blechkiste"]
[WhiteElo "2374"]
[Black "spurs"]
[BlackElo "2296"]
[TimeControl "60+0"]
[Result "0-1"]

1. e4 e6 2. d4 d5 3. exd5 exd5 4. Bb5+ Bd7 5. Qe2+ Qe7 6. Bxd7+ 
Nxd7 7. Bf4 Qxe2+ 8. Nxe2 Bb4+ 9. Nbc3 Ngf6 10. Bxc7 Bxc3+ 11. Nxc3 P@d2+ 
12. Kf1 B@c1 13. Q@e2+ N@e4 14. Nxe4 dxe4 15. N@d6+ Kf8 16. P@e7+ Kxe7 17. B@a3 
Q@e1+ 18. Qxe1 dxe1=Q+ 19. Kxe1 Q@d2+ 20. Kf1 P@e2+ 21. Kg1 Qe1+ 22. B@f1 Qxf1# 
{Blechkiste checkmated} 0-1

[Event "fics rated crazyhouse match"]
[Site "fics, Oklahoma City, OK USA"]
[Date "2001.02.05"]
[White "KnightDog"]
[WhiteElo "2354"]
[Black "RFrancisco"]
[BlackElo "2431"]
[TimeControl "60+0"]
[Result "1-0"]

1. e4 e5 2. d4 Nc6 3. Bc4 exd4 4. Nf3 P@d6 5. O-O Nf6 6. Re1 
Be7 7. c3 dxc3 8. Nxc3 O-O 9. P@g5 Ng4 10. h3 Nxf2 11. Kxf2 P@h4 
12. Nxh4 Bxg5 13. Nf5 Bxc1 14. Qxc1 P@g3+ 15. Nxg3 B@g5 16. P@f4 P@h4 17. Nf5 
Ne7 18. fxg5 Nxf5 19. exf5 d5 20. Nxd5 d6 21. P@e7 Bxf5 22. exd8=Q Raxd8 
23. P@h6 P@g3+ 24. Ke2 N@d4+ 25. Kd1 P@c2+ 26. Kd2 f6 27. B@e6+ Bxe6 28. Qxc2 
Nxc2 29. N@e7+ Kh8 30. Q@g8# 
{RFrancisco forfeits on time} 1-0

[Event "fics rated crazyhouse match"]
[Site "fics, Oklahoma City, OK USA"]
[Date "2001.02.05"]
[White "RFrancisco"]
[WhiteElo "2421"]
[Black "KnightDog"]
[BlackElo "2366"]
[TimeControl "60+0"]
[Result "1-0"]

1. e4 e5 2. Nf3 Nc6 3. Bc4 Bc5 4. O-O Nf6 5. b4 Bxb4 6. c3 
Be7 7. d4 exd4 8. e5 Ne4 9. cxd4 P@g4 10. P@h6 gxf3 11. Bxf7+ Kxf7 
12. Qxf3+ P@f5 13. Qxf5+ N@f6 14. hxg7 Rg8 15. exf6 Nxf6 16. N@g5+ Kxg7 17. P@h6+ 
Kxh6 18. Ne6+ P@d2 19. Bxd2+ P@e3 20. Bxe3+ P@f4 21. Bxf4+ B@g5 22. Bxg5+ Kh5 
23. Bxf6+ Rg5 24. P@g4+ Kh4 25. g3+ Kh3 26. P@g2# 
{KnightDog checkmated} 1-0

[Event "fics rated crazyhouse match"]
[Site "fics, Oklahoma City, OK USA"]
[Date "2001.02.05"]
[White "KnightDog"]
[WhiteElo "2358"]
[Black "RFrancisco"]
[BlackElo "2428"]
[TimeControl "60+0"]
[Result "1-0"]

1. e4 e6 2. d4 Nc6 3. Be3 d5 4. e5 Nge7 5. Be2 Ng6 6. Nh3 
Be7 7. O-O O-O 8. c3 f6 9. f4 fxe5 10. fxe5 Ncxe5 11. dxe5 Nxe5 
12. Bd4 Bf6 13. P@g5 Bxg5 14. Bxe5 P@f2+ 15. Nxf2 Be3 16. N@h5 Rxf2 17. Rxf2 
Bxf2+ 18. Kxf2 N@e4+ 19. Ke3 Qg5+ 20. B@f4 Qxh5 21. Bxh5 N@c4+ 22. Ke2 R@f2+ 
23. Ke1 P@d2+ 24. Qxd2 Rf1+ 25. Kxf1 Ncxd2+ 26. Nxd2 Nxd2+ 27. Bxd2 P@e2+ 28. Bxe2 
Q@f8+ 29. P@f6 N@d7 30. P@f7+ Qxf7 31. R@d8+ Nf8 32. N@g5 P@f2 33. Kxf2 P@e3+ 
34. Bxe3 
{RFrancisco forfeits on time} 1-0

[Event "fics rated crazyhouse match"]
[Site "fics, Oklahoma City, OK USA"]
[Date "2001.02.05"]
[White "RFrancisco"]
[WhiteElo "2418"]
[Black "KnightDog"]
[BlackElo "2370"]
[TimeControl "60+0"]
[Result "1-0"]

1. e4 e6 2. d4 Nf6 3. Bd3 Nc6 4. Be3 d5 5. e5 Ne4 6. Nh3 
Be7 7. O-O O-O 8. c3 f5 9. f3 Ng5 10. Bxg5 Bxg5 11. f4 Be7 
12. Nd2 B@g4 13. Nf3 Bxh3 14. gxh3 N@e3 15. Qe2 Nxf1 16. Rxf1 R@g6+ 17. B@g5 
Bxg5 18. fxg5 B@f4 19. B@h4 h6 20. N@h5 hxg5 21. Nxf4 gxf4+ 22. B@g2 P@g5 
23. Nxg5 Rxg5 24. Bxg5 Qxg5 25. N@f3 B@e3+ 26. P@f2 Qg6 27. fxe3 fxe3 28. R@g5 
Qh6 29. Qxe3 f4 30. P@h7+ Kh8 31. Qf2 P@e3 32. Qh4 Qxh4 33. Nxh4 N@f2 
34. Ng6+ Kxh7 35. Nxf8+ Kg8 36. Rxg7+ Kxg7 37. Q@g6+ Kxf8 38. R@e8# 
{KnightDog checkmated} 1-0

[Event "fics rated crazyhouse match"]
[Site "fics, Oklahoma City, OK USA"]
[Date "2001.02.05"]
[White "KnightDog"]
[WhiteElo "2362"]
[Black "RFrancisco"]
[BlackElo "2425"]
[TimeControl "60+0"]
[Result "0-1"]

1. d4 Nf6 2. Bf4 d6 3. e3 Nc6 4. Nd2 Bg4 5. f3 Bf5 6. Bd3 
Bxd3 7. cxd3 e5 8. dxe5 dxe5 9. Bg5 Be7 10. Ne2 Qxd3 11. O-O P@c2 
12. Qe1 B@b6 13. Nc3 P@f4 14. B@e2 Qxe3+ 15. P@f2 Qc5 16. Bxf6 Bxf6 17. Nde4 
Qe7 18. Nd5 Qd8 19. Ndxf6+ gxf6 20. N@g7+ Kf8 21. B@h6 Kg8 22. Nh5 P@e7 
23. Rc1 N@e6 24. Rxc2 B@f8 25. P@g7 Nxg7 26. Bxg7 Bxg7 27. Nxg7 Kxg7 28. N@f5+ 
Kg8 29. Rd2 B@d7 30. B@h4 Bxf5 31. Rxd8+ Rxd8 32. Bxf6 N@e6 33. Bxe7 Nxe7 
34. P@f6 R@g6 35. fxe7 Re8 36. N@f6+ Kg7 37. Nh5+ Kh6 38. P@g5+ Nxg5 39. Q@g7+ 
Rxg7 40. Nxg5 N@h3# 
{KnightDog forfeits on time} 0-1

[Event "fics rated crazyhouse match"]
[Site "fics, Oklahoma City, OK USA"]
[Date "2001.02.05"]
[White "RFrancisco"]
[WhiteElo "2432"]
[Black "KnightDog"]
[BlackElo "2354"]
[TimeControl "60+0"]
[Result "1-0"]

1. e4 e6 2. d4 d6 3. Nc3 Nc6 4. Nge2 Nf6 5. Ng3 Be7 6. Be3 
O-O 7. Be2 e5 8. d5 Nd4 9. O-O Nxe2+ 10. Qxe2 B@h5 11. f3 c6 
12. Bg5 Nxd5 13. Bxe7 Nxe7 14. Nxh5 B@b6+ 15. B@f2 P@f4 16. Bxb6 Qxb6+ 17. B@f2 
B@e3 18. Bxe3 Qxe3+ 19. Qxe3 fxe3 20. B@f6 B@f2+ 21. Kh1 Q@g6 22. Bxg7 Qxg2+ 
23. Kxg2 P@h3+ 24. Kh1 Ng6 25. N@h6# 
{KnightDog checkmated} 1-0

[Event "fics rated crazyhouse match"]
[Site "fics, Oklahoma City, OK USA"]
[Date "2001.02.05"]
[White "KnightDog"]
[WhiteElo "2347"]
[Black "RFrancisco"]
[BlackElo "2438"]
[TimeControl "60+0"]
[Result "0-1"]

1. d3 e5 2. e4 Nc6 3. Nf3 Bc5 4. Nc3 Nf6 5. Bg5 O-O 6. Nd5 
Nxd5 7. Bxd8 Bxf2+ 8. Kxf2 N@g4+ 9. Ke1 P@f2+ 10. Kd2 Nde3 11. Bg5 Nxd1 
12. Rxd1 h6 13. h3 hxg5 14. hxg4 B@f4+ 15. Kc3 Q@b4# 
{KnightDog checkmated} 0-1

[Event "fics rated crazyhouse match"]
[Site "fics, Oklahoma City, OK USA"]
[Date "2001.02.05"]
[White "RFrancisco"]
[WhiteElo "2444"]
[Black "KnightDog"]
[BlackElo "2340"]
[TimeControl "60+0"]
[Result "1-0"]

1. e4 e5 2. Nf3 Nf6 3. Bc4 Bc5 4. O-O Nxe4 5. Bxf7+ Kxf7 6. Nxe5+ 
Kf8 7. Qf3+ P@f5 8. Qxf5+ Nf6 9. P@h6 B@e6 10. hxg7+ Kxg7 11. P@h6+ Kxh6 
12. d4+ Kg7 13. P@h6+ Kg8 14. Qg5+ P@g6 15. P@g7 Be7 16. gxh8=Q+ Kxh8 17. Nxg6+ 
hxg6 18. Qxg6 N@e2+ 19. Kh1 Qg8 20. P@g7+ Qxg7 21. Qxg7# 
{KnightDog checkmated} 1-0